 Dungeon Crawl Stone Soup version 0.23.2-30-g0e89c35649 (webtiles) character file.

Game seed: 17345326217264657652

3392 Matador8 the Agent of Entropy (level 9, 0/100 HPs)
             Began as a Demonspawn Abyssal Knight on June 25, 2019.
             Was a Priest of Lugonu.
             Slain by a hound (3 damage)
             ... on level 8 of the Dungeon.
             The game lasted 00:46:22 (12344 turns).

Matador8 the Agent of Entropy (DsAK)               Turns: 12344, Time: 00:46:23

Health: 0/100      AC: 15    Str: 21    XL:     9   Next: 75%
Magic:  11/16      EV: 12    Int: 19    God:    Lugonu [***...]
Gold:   568        SH:  0    Dex: 16    Spells: 8/8 levels left

rFire    + . .     SeeInvis .   n - +0 scimitar
rCold    + . .     Gourm    .   (no shield)
rNeg     . . .     Faith    .   B - +5 scale mail of the Stallion {rC+ rCorr Dex+4}
rPois    .         Spirit   .   (helmet restricted)
rElec    .         Reflect  .   t - +0 cloak
rCorr    +         Harm     .   v - +0 pair of gloves
MR       .....                  (no boots)
Stlth    ..........             (no amulet)
HPRegen  0.26/turn              y - ring of stealth
MPRegen  0.15/turn              G - +5 ring of intelligence

@: mighty, berserking, very quick
A: antennae 1, claws 1, hooves 1, fire resistance 1, powered by pain 1
a: Depart the Abyss, Bend Space, Banish, Renounce Religion


You were on level 8 of the Dungeon.
You worshipped Lugonu.
Lugonu was most pleased with you.
You were not hungry.

You visited 1 branch of the dungeon, and saw 8 of its levels.
You visited the Abyss 1 time.

You collected 568 gold pieces.

Inventory:

Hand Weapons
 b - a +0 dagger of venom
 n - a +0 scimitar (weapon)
Missiles
 e - 6 needles of frenzy
 k - 11 poisoned needles (quivered)
Armour
 q - a +0 pair of boots
 t - a +0 cloak (worn)
 v - a +0 pair of gloves (worn)
 B - the +5 scale mail of the Stallion (worn) {rC+ rCorr Dex+4}
   (You found it on level 5 of the Dungeon)

   It affects your dexterity (+4).
   It protects you from cold.
   It provides partial protection from all sources of acid and corrosion.
Jewellery
 a - an uncursed ring of wizardry {unknown}
 i - an uncursed amulet of the acrobat {unknown}
 s - an uncursed amulet of the gourmand
 y - a ring of stealth (left hand)
 D - an uncursed ring of positive energy
 F - an uncursed ring of fire
 G - a +5 ring of intelligence (right hand)
Wands
 f - a wand of random effects (15)
 I - a wand of polymorph (11)
Scrolls
 d - a scroll of enchant armour {unknown}
 g - 2 scrolls of enchant weapon
 j - 2 scrolls of blinking {unknown}
 l - 2 scrolls of noise
 o - 5 scrolls of teleportation
 u - 3 scrolls of immolation
 w - 2 scrolls of amnesia
 z - 2 scrolls of remove curse
 A - a scroll of fear {unknown}
 H - a scroll of summoning {unknown}
 K - a scroll of random uselessness {unknown}
Potions
 h - a potion of magic {unknown}
 m - a potion of ambrosia
 p - a potion of brilliance {unknown}
 r - a potion of lignification {unknown}
 C - 2 potions of curing {unknown}
Comestibles
 c - 9 rations
 E - a chunk of flesh


   Skills:
 - Level 4.8 Fighting
 * Level 7.5 Long Blades
 - Level 5.6 Armour
 + Level 4.2 Dodging
 - Level 10.1 Invocations


You had 8 spell levels left.
You didn't know any spells.
Your spell library was empty.

Dungeon Overview and Level Annotations

Branches:
Dungeon (8/15)             Temple (0/1) D:4
   Lair: D:8-11

Altars:
Elyvilon
Okawaru
Ru
Vehumet

Annotations:
D:2 Natasha
D:4 1 runed translucent door, Crazy Yiuf
Abyss:1 Edmund, Grinder, Menkaure, Sigmund


Innate Abilities, Weirdness & Mutations

You have a pair of small antennae on your head.
You have sharp fingernails.
You have large cloven feet.
Your flesh is heat resistant. (rF+)
You sometimes gain a little power by taking damage.


Message History

The electric eel shoots out a bolt of lightning at you!
The bolt of electricity misses you.
A red film seems to cover your vision as you go berserk!
You feel yourself moving faster!
You feel mighty!
The electric eel shoots out a bolt of lightning at you!
The bolt of electricity hits you!
* * * LOW HITPOINT WARNING * * *
The wolf pauses to sniff the ground.
The wolf bites you but does no damage.
You are too berserk!
Okay, then.
You barely miss the wolf. The hound closely misses you.
The wolf barely misses you.
You riposte.
You barely miss the wolf. You kick the wolf.
The wolf is moderately wounded.
The electric eel shoots out a bolt of lightning at you!
The bolt of electricity hits you.
* * * LOW HITPOINT WARNING * * *
The hound bites you.
You die...

..... #...# ##
#...## +.####....#
#...##....#
#........#
##.......####
###.........>.
.####..@h...#.###.
........h.........
#.........$.......
#......≈≈.;.≈.....
....≈≈≈≈≈.h.≈≈....
....≈≈≈≈≈.;.≈≈...#
.....≈≈≈≈.≈≈≈≈≈..#
......≈≈≈.≈≈≈≈≈..#
##..≈≈.≈≈.≈≈≈≈....


You could see 2 wolves, a hound and 2 electric eels.

Vanquished Creatures
  An orc warrior (D:6)
  A black bear (D:8)
  An ogre (D:7)
  3 centaurs
  A wolf (D:7)
  Blork the orc (D:6)
  A big kobold (D:6)
  6 bullfrogs
  A gnoll sergeant (D:7)
  A wyvern skeleton (D:7)
  3 scorpions
  A howler monkey (D:7)
  3 bullfrog zombies (D:6)
  A crimson imp (D:6)
  2 orc priests (D:7)
  A centaur zombie (D:6)
  4 hounds (D:7)
  5 orc wizards
  An iguana (D:4)
  3 bullfrog skeletons
  A gnoll shaman (D:6)
  4 worker ants
  A hound skeleton (D:6)
  A howler monkey zombie (D:6)
  2 worker ant zombies
  Robin (D:2)
  13 gnolls
  10 adders
  An ooze (D:3)
  An adder skeleton (D:5)
  3 adder zombies
  3 worms
  A dart slug (D:4)
  6 leopard geckos
  24 orcs
  A ball python (D:3)
  8 bats
  4 giant cockroaches
  20 goblins
  25 hobgoblins
  6 jackals (D:4)
  2 quokkas
  4 frilled lizards
  2 giant cockroach zombies (D:6)
  2 jackal skeletons
  19 kobolds
  A leopard gecko skeleton (D:5)
  2 quokka skeletons (D:4)
  8 rats
217 creatures vanquished.

Vanquished Creatures (others)
  A two-headed ogre (D:8)
  A troll (D:8)
  A hippogriff (D:7)
  2 gnolls (D:4)
  A goblin (D:2)
  2 plants (D:2)
8 creatures vanquished.

Grand Total: 225 creatures vanquished

Notes
Turn   | Place    | Note
-------+----------+-------------------------------------------
     0 | Abyss:1  | Matador8 the Demonspawn Abyssal Knight began the quest for
                  | the Orb.
     0 | Abyss:1  | Reached XP level 1. HP: 18/18 MP: 2/2
    19 | D:1      | Escaped the Abyss
    37 | D:1      | Noticed a redback
    37 | D:1      | Noticed a black mamba
    37 | D:1      | Noticed a black bear
    38 | D:1      | Noticed a wyvern
    65 | D:1      | Reached * piety under Lugonu
   144 | D:1      | Gained mutation: You have large cloven feet. [demonic
                  | ancestry]
   144 | D:1      | Reached XP level 2. HP: 15/24 MP: 4/4
   358 | D:1      | Reached skill level 3 in Invocations
  1241 | D:2      | Reached XP level 3. HP: 29/29 MP: 5/5
  1250 | D:2      | Noticed Robin
  1516 | D:2      | Found an iron altar of Okawaru.
  1788 | D:2      | Killed Robin
  1917 | D:2      | Gained mutation: You sometimes gain a little power by
                  | taking damage. [demonic ancestry]
  1917 | D:2      | Reached XP level 4. HP: 30/35 MP: 6/6
  2010 | D:2      | Found a faded altar of an unknown god.
  2165 | D:2      | Noticed a bullfrog
  2175 | D:2      | Killed a bullfrog
  2175 | D:2      | Reached skill level 4 in Invocations
  2180 | D:2      | Reached XP level 5. HP: 35/41 MP: 6/8
  2621 | D:2      | Noticed Natasha
  3071 | D:3      | Reached ** piety under Lugonu
  3116 | D:3      | Found a radiant altar of Vehumet.
  3902 | D:3      | Reached skill level 5 in Invocations
  4114 | D:3      | Gained mutation: You have a pair of small antennae on your
                  | head. [demonic ancestry]
  4114 | D:3      | Reached XP level 6. HP: 47/47 MP: 9/9
  4829 | D:4      | Reached skill level 5 in Long Blades
  5742 | D:4      | Found a staircase to the Ecumenical Temple.
  5850 | D:4      | Found a runed translucent door.
  5851 | D:4      | Noticed Crazy Yiuf
  6072 | D:4      | Reached *** piety under Lugonu
  6545 | D:4      | Gained mutation: You have sharp fingernails. [demonic
                  | ancestry]
  6545 | D:4      | Reached XP level 7. HP: 48/52 MP: 11/11
  6760 | D:4      | Noticed Edmund
  6763 | D:4      | Banished Edmund
  6763 | D:4      | Reached skill level 6 in Invocations
  7037 | D:4      | Noticed Sigmund
  7039 | D:4      | Banished Sigmund
  7065 | D:5      | Entered Level 5 of the Dungeon
  7071 | D:5      | Noticed Grinder
  7439 | D:5      | Got an encrusted scale mail
  7443 | D:5      | Identified the +5 scale mail of the Stallion {rC+ rCorr
                  | Dex+4} (You found it on level 5 of the Dungeon)
  8020 | D:5      | Reached skill level 7 in Invocations
  8141 | D:5      | Paralysed by Grinder for 2 turns
  8734 | D:6      | Noticed Blork the orc
  8753 | D:5      | Gained mutation: Your flesh is heat resistant. (rF+)
                  | [demonic ancestry]
  8753 | D:5      | Reached XP level 8. HP: 54/58 MP: 13/13
  8777 | D:6      | Killed Blork the orc
  8836 | D:6      | Reached skill level 8 in Invocations
  9437 | D:6      | Found a white marble altar of Elyvilon.
  9533 | D:5      | Banished Grinder
  9533 | D:5      | Reached skill level 9 in Invocations
  9711 | D:7      | Reached skill level 5 in Armour
 10366 | D:7      | Noticed a hippogriff
 10369 | D:7      | Banished a hippogriff
 10369 | D:7      | Reached skill level 10 in Invocations
 10372 | D:7      | Reached XP level 9. HP: 61/63 MP: 11/16
 10477 | D:7      | Reached skill level 1 in Dodging
 11038 | D:7      | Noticed Menkaure
 11045 | D:7      | Banished Menkaure
 11418 | D:7      | Found a sacrificial altar of Ru.
 11995 | D:7      | Reached **** piety under Lugonu
 12319 | D:8      | Noticed a two-headed ogre
 12320 | D:8      | Banished a two-headed ogre
 12329 | D:8      | Noticed a troll
 12334 | D:8      | Banished a troll
 12343 | D:8      | HP: 3/100 [electric eel/bolt of electricity (3)]
 12344 | D:8      | Slain by a hound

Skill      XL: |  1  2  3  4  5  6  7  8  9 |
---------------+----------------------------+-----
Long Blades    | 2 3 4 5 6 7 |  7.5
Invocations    | 3 4 5 7 10 | 10.1
Armour         | 3 5 |  5.6
Dodging        | 4 |  4.2
Fighting       | 4 |  4.8

Action                   |  1- 3 |  4- 6 |  7- 9 || total
-------------------------+-------+-------+-------++-------
Melee: Falchion          |   115 |   332 |   368 ||   815
       Kick              |    17 |    63 |   172 ||   252
       Scimitar          |       |       |    88 ||    88
Invok: Depart the Abyss  |     1 |       |       ||     1
       Banish            |       |     2 |     7 ||     9
  Use: Potion            |       |     5 |     2 ||     7
       Scroll            |       |     4 |     7 ||    11
  Eat: Chunk             |     3 |    17 |     6 ||    26
       Ration            |       |     1 |     3 ||     4
Armor: Leather armour    |    49 |    35 |       ||    84
       Ring mail         |       |    37 |    10 ||    47
       Scale mail        |       |       |   228 ||   228
Dodge: Dodged            |    72 |   157 |   209 ||   438
       Rpst.: Falchion   |    24 |    31 |    44 ||    99
       Scimitar          |       |       |    20 ||    20
